AoeStats
← SPLINTER

Arabian Desert

509588550Analyzed
1v1 RM · 5d ago on Sep 27, 2026· 50m 50s· 2 players
Game mode
Random Map
Map size
Tiny (2 player)
Population
200
Speed
Normal
Resources
Standard
Victory
Conquest
Starting age
Dark Age
Ending age
Imperial Age
RankedLock teamsTeams togetherTeam positionsShared explorationLock speedFull tech treeHidden civsTurbo modeCheats
Victory
Defeat
🇻🇳 Poles · Vietnam
1478
+17
🇧🇬 Goths · Bulgaria
1509
-17
napodoan
6:23 Loom
8:52 Feudal Age
10:03 Double-Bit Axe
11:36 Horse Collar
14:17 Fletching
21:29 Castle Age
20:49 Scale Barding Armor
21:08 Gold Mining
22:05 Forging
22:58 Bloodlines
23:26 Chain Barding Armor
25:16 Husbandry
26:41 Bodkin Arrow
33:33 Szlachta Privileges
36:00 Scale Mail Armor
39:20 Chain Mail Armor
44:53 Wheelbarrow
44:17 Arson
SPLINTER
9:19 Feudal Age
9:13 Loom
9:49 Double-Bit Axe
11:13 Wheelbarrow
10:44 Man-at-Arms
15:07 Horse Collar
23:26 Castle Age
22:01 Scale Mail Armor
23:27 Pikeman
24:09 Squires
25:13 Bow Saw
26:04 Town Watch
29:33 Hand Cart
37:48 Fletching
43:27 Chain Mail Armor
42:33 Long Swordsman
50:44 Forging
51:02 Bodkin Arrow
Connection lost

Rejoining the realm…

Still unreachable

The connection could not be restored.

Session expired

The server has moved on; the page needs a fresh start.